[Event "Early-Titled-Tuesday-Blitz-April-16-2024"]
[Site "Chess.com"]
[Date "2024.04.16"]
[Round "4"]
[White "dontcatchmeifyoucant"]
[Black "BallottiLuca"]
[Result "1-0"]
[WhiteElo "2125"]
[BlackElo "2366"]
[TimeControl "180+1"]
[EndTime "8:39:32 PDT"]
[Termination "dontcatchmeifyoucant won by resignation"]

1. e4 c6 2. d4 d5 3. e5 c5 4. dxc5 e6 5. Nf3 Bxc5 6. a3 Ne7 7. b4 Bb6 8. Bb2 a5 9. Nbd2 axb4 10. axb4 Rxa1 11. Qxa1 O-O 12. Bd3 Na6 13. Qa3 Ng6 14.
g3 Qe7 15. c3 Bd7 16. O-O Nc7 17. Ra1 Bb5 18. Bc2 Rc8 19. h4 Nf8 20. Qb3 Ne8 21. Nd4 Bd7 22. c4 dxc4 23. Nxc4 Bc7 24. Ra7 Bc6 25. Nxc6 bxc6 26. Be4 Rb8 27. Ba3 Qd7 28. Na5 c5 29. Bc6 Qc8 30. Bxe8 Bxa5 31. Bxf7+ Kh8 32.
Rxa5 Qc7 33. Bxe6 Qxa5 34. bxa5 Rxb3 35. Bxb3 Nd7 36. e6 Nf6 37. a6 1-0

[Event "Early-Titled-Tuesday-Blitz-April-16-2024"]
[Site "Chess.com"]
[Date "2024.04.16"]
[Round "4"]
[White "Makswolf200817"]
[Black "snowlord"]
[Result "1/2-1/2"]
[WhiteElo "2791"]
[BlackElo "2954"]
[TimeControl "180+1"]
[EndTime "8:39:33 PDT"]
[Termination "Game drawn by agreement"]

1. d4 e6 2. c4 c5 3. d5 g6 4.
Nf3 Bg7 5. d6 Nf6 6. Nc3 O-O 7. e4 Nc6 8. Bf4 Ne8 9. Qd2 e5 10.
Bh6 Nd4 11. Bxg7 Kxg7 12. Nxe5 Nxd6 13. Nf3 Qf6 14. Be2 Re8 15. Nd5 Nxf3+ 16. Bxf3 Qe5 17. O-O Nxc4 18. Qc2 Nb6 19. Rad1 c4 20. a4 Nxd5 21. Rxd5 Qf6 22. Rfd1 d6 23. Rxd6 Be6 24. Bg4 Rac8 25. h3 h5 26. Bxe6 Rxe6 27. Rd7 Rce8 28. Rxb7 Rxe4 29.
Rdd7 Rf4 30. Rxf7+ Qxf7 31. Rxf7+ Kxf7 32. g3 Rd4 33. Kg2 Red8 34. b3 cxb3 35. Qxb3+ R4d5 36. h4 Rd7 1/2-1/2

[Event "Early-Titled-Tuesday-Blitz-April-16-2024"]
[Site "Chess.com"]
[Date "2024.04.16"]
[Round "4"]
[White "Orest_Vovk"]
[Black "the_chess_child"]
[Result "0-1"]
[WhiteElo "2576"]
[BlackElo "2820"]
[TimeControl "180+1"]
[EndTime "8:39:36 PDT"]
[Termination "the_chess_child won on time"]

1. g4 e5 2. g5 Nc6 3. Bg2 Qxg5 4. Bxc6 dxc6 5. Nf3 Qf6 6. Nc3 Bf5 7. d4 e4 8.
Ne5 Bd6 9. Bf4 g5 10. Bg3 O-O-O 11. Qd2 Ne7 12. O-O-O Ng6 13. Qe3 Qe6 14. d5 cxd5 15. Nxg6 hxg6 16. Qxa7 c6 17. Rd4 Bxg3 18. fxg3 Qe5 19.
Qa8+ Kc7 20. Qa5+ Kd6 21. e3 Ke6 22. Rb4 Rd7 23. Na4 Kf6 24. Nc5 Re7 25. Rxb7 Rxb7 26. Nxb7 Rb8 27. Qa6 Bc8 28. Qxc6+ Kg7 29. Nd6 Qxb2+ 30.
Kd2 Be6 31. Ne8+ Kf8 32. Nc7 Qb4+ 33. Ke2 Bg4+ 34. Kf1 Qb1+ 35. Kf2 Qxh1 36. Ne6+ Kg8 0-1

[Event "Early-Titled-Tuesday-Blitz-April-16-2024"]
[Site "Chess.com"]
[Date "2024.04.16"]
[Round "4"]
[White "carloseduar100"]
[Black "Jojo_898"]
[Result "0-1"]
[WhiteElo "2231"]
[BlackElo "2471"]
[TimeControl "180+1"]
[EndTime "8:39:36 PDT"]
[Termination "Jojo_898 won by resignation"]

1. d4 d6 2. c3 g6 3. Bg5 Bg7 4. Nd2 Nf6 5. Ngf3 O-O 6. e4 c6 7. Bd3 Nbd7 8. e5 dxe5 9. dxe5 Nd5 10. Qe2 h6 11. e6 hxg5 12. exf7+ Rxf7 13. Bxg6 Rf6 14. Bc2 Nf4 15. Qc4+ e6 16. Nxg5 Nxg2+ 17. Kd1 Nb6 18.
Qe4 Nf4 19. Rg1 Qd5 20. Qh7+ Kf8 21. Nxe6+ Nxe6 22. Bb3 Qd7 23. Kc1 Rh6 24. Qf5+ Qf7 25. Qd3 Nd5 26. Ne4 Qf4+ 27. Kc2 Nec7 28. Rae1 Bf5 29.
Rg3 Kg8 30. Rf3 Bxe4 31. Rxe4 Qxh2 32. Re7 Rf8 33. Rxf8+ Kxf8 34. Rxc7 Qxc7 35. Qf5+ Qf7 36.
Qc8+ Qe8 37. Qxb7 Qe2+ 38. Kc1 Rh1+ 0-1

[Event "Early-Titled-Tuesday-Blitz-April-16-2024"]
[Site "Chess.com"]
[Date "2024.04.16"]
[Round "4"]
[White "RobertoJBM"]
[Black "Statham_01"]
[Result "0-1"]
[WhiteElo "2895"]
[BlackElo "2625"]
[TimeControl "180+1"]
[EndTime "8:39:38 PDT"]
[Termination "Statham_01 won by checkmate"]

1. d4 Nf6 2. Nf3 d5 3. e3 c5 4. c3 Nc6 5. Nbd2 Bf5 6. dxc5 a5 7. Bb5 e6 8. Nd4 Qc7 9. Nxf5 exf5 10. b4 Nd7 11. Qb3 g6 12. Bb2 Bg7 13. O-O O-O 14.
a3 Rfd8 15. Rad1 b6 16. cxb6 Qxb6 17. a4 Nde5 18. Nb1 Ne7 19. Ba3 Qf6 20. bxa5 Qh4 21.
h3 f4 22. exf4 Nf3+ 23. Kh1 Qxf4 24. g3 Qf5 25. Kg2 Ng5 26. Be2 Qxh3+ 27. Kg1 Nf5 28. c4 Nd4 29. Qd3 Re8 30. Rd2 Rxe2 31. Qxd4 Nf3# 0-1

[Event "Early-Titled-Tuesday-Blitz-April-16-2024"]
[Site "Chess.com"]
[Date "2024.04.16"]
[Round "4"]
[White "Jospem"]
[Black "arenal72"]
[Result "1/2-1/2"]
[WhiteElo "3059"]
[BlackElo "2620"]
[TimeControl "180+1"]
[EndTime "8:39:38 PDT"]
[Termination "Game drawn by repetition"]

1. e4 e6 2. d4 d5 3. exd5 exd5 4.
Nf3 Bd6 5. Bd3 Nc6 6. O-O Nge7 7. c3 Bf5 8. Bxf5 Nxf5 9. Re1+ Nfe7 10. Bg5 f6 11.
Bh4 O-O 12. Bg3 Bxg3 13. hxg3 Qd6 14. Nbd2 Rae8 15. Qc2 Qd7 16. Nf1 Nf5 17. Qb3 b6 18. g4 Nfe7 19. Ne3 Nd8 20. Re2 c6 21. Rae1 b5 22. Qa3 Ng6 23. g3 Nf7 24. Nf5 Rxe2 25. Rxe2 h5 26. gxh5 Qxf5 27. hxg6 Qxf3 28. gxf7+ Rxf7 29.
Re3 Qd1+ 30. Kg2 f5 31. Qd6 f4 32. Rf3 Qe2 33. Qxc6 Qe4 34. Qc8+ Rf8 35. Qg4 a5 36. gxf4 Rf6 37. Qc8+ Kh7 38. f5 Qg4+ 39. Rg3 Qe4+ 40. Rf3 Qg4+ 41. Rg3 Qe4+ 42. Kf1 Qb1+ 43. Kg2 Qe4+ 1/2-1/2

[Event "Early-Titled-Tuesday-Blitz-April-16-2024"]
[Site "Chess.com"]
[Date "2024.04.16"]
[Round "4"]
[White "TitarovVasiliYouTube"]
[Black "DonkyDonkyDonkey"]
[Result "1-0"]
[WhiteElo "2621"]
[BlackElo "2937"]
[TimeControl "180+1"]
[EndTime "8:39:38 PDT"]
[Termination "TitarovVasiliYouTube won by checkmate"]

1. e4 e5 2. Nf3 d5 3. d3 Nc6 4.
Be2 Nf6 5. Nbd2 Bc5 6. O-O O-O 7.
c3 a5 8. a4 Ba7 9. h3 Re8 10.
Re1 h6 11. Bf1 d4 12. Nc4 Nd7 13. cxd4 Nxd4 14. Be3 Nxf3+ 15. Qxf3 Nc5 16. Qg3 Qf6 17. Nxa5 Ne6 18. Nc4 Nd4 19. Rac1 Nc6 20. Bxa7 Rxa7 21. Ne3 Rxa4 22. Nd5 Qd6 23. Be2 Be6 24. Bd1 Bxd5 25.
exd5 Rb4 26. dxc6 bxc6 27. Bf3 Rxb2 28. Bxc6 Re6 29. Be4 c5 30. Qe3 Rb5 31. Rb1 Ra5 32. Rb7 Re8 33. Reb1 Rf8 34. Qf3 Qe6 35. Bd5 Qg6 36.
Rb8 Rxb8 37. Rxb8+ Kh7 38. Be4 Ra1+ 39. Kh2 Rb1 40.
Bxg6+ fxg6 41. Qf8 h5 42. Qh8# 1-0

[Event "Early-Titled-Tuesday-Blitz-April-16-2024"]
[Site "Chess.com"]
[Date "2024.04.16"]
[Round "4"]
[White "ViktoriyaTarasova"]
[Black "kleber2007"]
[Result "0-1"]
[WhiteElo "2352"]
[BlackElo "2588"]
[TimeControl "180+1"]
[EndTime "8:39:38 PDT"]
[Termination "kleber2007 won by checkmate"]

1. d4 Nf6 2. c4 g6 3. Nc3 d5 4. cxd5 Nxd5 5. g3 Nxc3 6. bxc3 c5 7. Bg2 Qa5 8. Bd2 Bg7 9. e3 Qa6 10. Ne2 Nc6 11. O-O O-O 12. d5 Na5 13. Nf4 Nc4 14. Re1 Bd7 15. Bf1 b5 16. e4 Nxd2 17. Qxd2 Qa3 18. e5 Rad8 19. Qe3 Bh6 20. Reb1 a6 21. Rb3 Qa4 22. c4 bxc4 23. Rc3 Bb5 24. Qxc5 Bxf4 25. gxf4 Qa5 26. Qd4 Bc6 27. d6 exd6 28.
exd6 Qf5 29. Bxc4 Rfe8 30. Rd1 Re4 31. Qd3 Qg4+ 32. Kf1 Rde8 33. d7 Re1+ 34. Rxe1 Qg2# 0-1

[Event "Early-Titled-Tuesday-Blitz-April-16-2024"]
[Site "Chess.com"]
[Date "2024.04.16"]
[Round "4"]
[White "Sanan_Sjugirov"]
[Black "jumpingknight20"]
[Result "1-0"]
[WhiteElo "3057"]
[BlackElo "2735"]
[TimeControl "180+1"]
[EndTime "8:39:39 PDT"]
[Termination "Sanan_Sjugirov won by resignation"]

1. e4 c5 2. Nf3 d6 3. d4 cxd4 4.
Nxd4 Nf6 5. Nc3 a6 6. Be3 e5 7. Nf3 Be7 8. Bc4 Be6 9. Bb3 Nbd7 10.
O-O Rc8 11. Nh4 Nc5 12. Bxc5 Rxc5 13. Nf5 Bxf5 14. exf5 d5 15. Re1 Qd6 16. Qe2 e4 17.
Rad1 Qe5 18. f3 Bd6 19. g3 O-O 20. fxe4 d4 21. Nd5 Re8 22. Nxf6+ Qxf6 23. Qd3 Be5 24. Kg2 b5 25. Re2 Rb8 26. Ra1 a5 27. a4 b4 28. Rg1 Rbc8 29. h4 h6 30. Kh3 Kf8 31. Rgg2 Ke7 32. Ref2 Kd7 33. Rf3 Kc7 34. Rd2 Kb6 35.
Qe2 Ka7 36. Kg2 Qe7 37. Rfd3 f6 38. Qf2 Rd8 39. Kh3 Kb8 40. c3 bxc3 41. bxc3 Rxc3 42. Rxc3 dxc3 43. Qb6+ Kc8 44. Be6+ Rd7 45. Qc6+ 1-0

[Event "Early-Titled-Tuesday-Blitz-April-16-2024"]
[Site "Chess.com"]
[Date "2024.04.16"]
[Round "4"]
[White "AlexPapasimakopoulos"]
[Black "Msb2"]
[Result "0-1"]
[WhiteElo "2720"]
[BlackElo "3026"]
[TimeControl "180+1"]
[EndTime "8:39:40 PDT"]
[Termination "Msb2 won by resignation"]

1. d4 d5 2. c4 e6 3. Nc3 Bb4 4. a3 Bxc3+ 5. bxc3 Nf6 6. e3 c6 7. Nf3 O-O 8. Be2 b6 9. cxd5 cxd5 10. c4 Ba6 11. cxd5 Qxd5 12. O-O Rc8 13. Bxa6 Nxa6 14. Qa4 Qc4 15. Qxc4 Rxc4 16. Bd2 Rac8 17. Rfc1 Ne4 18. Rxc4 Rxc4 19. Kf1 Nc7 20. Ke2 Nd5 21. Rc1 Rxc1 22. Bxc1 Kf8 23. Nd2 Nxd2 24. Bxd2 f5 25. f3 b5 26. Kd3 Ke8 27. h3 Kd7 28. g4 g6 29.
e4 fxe4+ 30. fxe4 Nb6 31. Bb4 Nc4 32. d5 a5 33. Bc5 Ne5+ 34. Ke3 Nc4+ 35. Kf4 e5+ 36.
Kg5 Nd2 37. Kh6 Nxe4 38. Be3 Nf6 39. Bd2 b4 40. axb4 a4 41. Bc3 Kd6 42. b5 Nxd5 43. Bb2 e4 44. Bc1 e3 45. Kxh7 e2 46. Bd2 a3 47. h4 a2 0-1

[Event "Early-Titled-Tuesday-Blitz-April-16-2024"]
[Site "Chess.com"]
[Date "2024.04.16"]
[Round "4"]
[White "BilodeauA"]
[Black "GMG"]
[Result "0-1"]
[WhiteElo "2968"]
[BlackElo "2822"]
[TimeControl "180+1"]
[EndTime "8:39:41 PDT"]
[Termination "GMG won by resignation"]

1. e4 c5 2. Nf3 Nc6 3. Nc3 e6 4. h3 a6 5. d4 cxd4 6. Nxd4 Qc7 7. Nxc6 bxc6 8. Bd3 Nf6 9. O-O d5 10. Re1 Bd6 11. Qe2 e5 12. Bg5 Be6 13. Bxf6 gxf6 14.
Qf3 d4 15. Ne2 c5 16. b3 Rg8 17. Ng3 Ke7 18. Rac1 Qb7 19. Bc4 Rg5 20. h4 Rg6 21.
Nf5+ Bxf5 22. Qxf5 Qc8 23. Qxc8 Rxc8 24. Bxa6 Ra8 25.
Bd3 Rg4 26. g3 c4 27. Bxc4 Bb4 28. Rf1 Rxa2 29. Be2 Rxe4 30. Bf3 f5 31. Kg2 Bc3 32. Bxe4 fxe4 33. g4 Ke6 34. Rh1 Kd5 35. h5 Bd2 36.
Ra1 Rxc2 37. Ra7 Ke6 38. Ra6+ Ke7 39. h6 Be3 40. Rf1 d3 41. Ra4 Bd4 42. Kg3 Rc3 43.
g5 d2+ 44. Kg4 Rc1 0-1

[Event "Early-Titled-Tuesday-Blitz-April-16-2024"]
[Site "Chess.com"]
[Date "2024.04.16"]
[Round "4"]
[White "Tagir45"]
[Black "Naruto75_3"]
[Result "1-0"]
[WhiteElo "2634"]
[BlackElo "2362"]
[TimeControl "180+1"]
[EndTime "8:39:41 PDT"]
[Termination "Tagir45 won by resignation"]

1. e4 c5 2. Nf3 d6 3. d4 cxd4 4. Nxd4 Nf6 5. Nc3 a6 6. Be3 e5 7.
Nb3 Be7 8. f3 O-O 9. Qd2 Be6 10.
O-O-O Nbd7 11. g4 Rc8 12. Kb1 Nb6 13. g5 Nfd7 14. h4 Nc5 15. Nxc5 dxc5 16. Bh3 Qc7 17. Nd5 Bxd5 18. Bxc8 Bxa2+ 19. Kxa2 Qxc8 20. h5 Qe6+ 21. Kb1 Nc4 22. Qe2 Rc8 23. Bc1 b5 24. g6 h6 25.
gxf7+ Qxf7 26. Rhg1 Rc6 27. Qg2 b4 28. Rd7 Nb6 29.
Rb7 Re6 30. Be3 Nc4 31. Bxc5 Na5 32. Rc7 b3 33. Bxe7 Rxe7 34. Rc8+ Kh7 35. Qg6+ 1-0

[Event "Early-Titled-Tuesday-Blitz-April-16-2024"]
[Site "Chess.com"]
[Date "2024.04.16"]
[Round "4"]
[White "bylavochka"]
[Black "theoneandonlydaaevik"]
[Result "0-1"]
[WhiteElo "2359"]
[BlackElo "2582"]
[TimeControl "180+1"]
[EndTime "8:39:42 PDT"]
[Termination "theoneandonlydaaevik won by resignation"]

1. e4 c5 2. Nf3 e6 3. d4 cxd4 4. Nxd4 Nf6 5. Nc3 Nc6 6. Ndb5 Bc5 7. Bg5 a6 8. Nd6+ Ke7 9. Nc4 b5 10. Ne3 Re8 11. Ng4 h6 12. Nxf6 gxf6 13. Bxh6 Qb6 14. Qd2 Bb7 15. Bd3 Rh8 16. Bf4 Ne5 17. Bxe5 fxe5 18.
O-O-O Bxf2 19. Qg5+ Ke8 20. Qg7 Qe3+ 21. Kb1 Qh6 22.
Qxe5 Bc6 23. Rdf1 Bh4 24. g3 Be7 25. Ne2 f6 26. Qc7 Qe3 27. Rf4 Qc5 28. Rhf1 Bd6 29. Qa5 Bxf4 30. Nxf4 Rxh2 31. Ng6 Rf2 32. Qe1 Rxf1 33. Qxf1 Kf7 34. Nf4 Qg5 35. e5 Qxe5 36.
Bg6+ Ke7 37. Bd3 Qg5 38. Ng6+ Kd6 39. Qf2 Kc7 40. b3 Rg8 41. Nf4 Qxg3 42. Qd4 Qg1+ 43.
Qxg1 Rxg1+ 44. Kb2 e5 45. Ne2 Re1 46. Nc3 e4 0-1

[Event "Early-Titled-Tuesday-Blitz-April-16-2024"]
[Site "Chess.com"]
[Date "2024.04.16"]
[Round "4"]
[White "Tugrik1969"]
[Black "mertfelin"]
[Result "1/2-1/2"]
[WhiteElo "2502"]
[BlackElo "2229"]
[TimeControl "180+1"]
[EndTime "8:39:42 PDT"]
[Termination "Game drawn by repetition"]

1. d4 d5 2. c4 e6 3. Nf3 Nf6 4.
g3 Be7 5. Bg2 O-O 6. Nc3 b6 7.
cxd5 exd5 8. O-O Be6 9. Ne5 c5 10. dxc5 bxc5 11. Bg5 Qc7 12. Bf4 Qb7 13. Qb3 Qxb3 14.
axb3 a6 15. Rfd1 Rd8 16. Nc4 Nc6 17. Nb6 Ra7 18. Ncxd5 Nxd5 19. Nxd5 Bxd5 20. Bxd5 Nd4 21. Bc4 Bf6 22. Kf1 Re8 23. Rxa6 Rxa6 24. Bxa6 Nxb3 25. Rd7 Nd4 26. Bc4 Ne6 27. b3 Nxf4 28. Bxf7+ Kf8 29. gxf4 Re7 30. Rxe7 Kxe7 31. Bc4 Bc3 32. e3 Kf6 33. Kg2 h6 34. Kf3 Bd2 35. Ke4 h5 36. h3 Be1 37. f3 Bd2 38. Kd3 Bc1 39. Bd5 h4 40. Be4 Ke6 41. Bg6 Kf6 42. Bh5 Ke6 43. Bg4+ Kf6 44. Ke4 Bd2 45. Kd3 Bc1 46. Ke2 Ke7 47.
Kd3 Kf6 1/2-1/2

[Event "Early-Titled-Tuesday-Blitz-April-16-2024"]
[Site "Chess.com"]
[Date "2024.04.16"]
[Round "4"]
[White "YegoryoCh"]
[Black "GMSrinath"]
[Result "0-1"]
[WhiteElo "2569"]
[BlackElo "2812"]
[TimeControl "180+1"]
[EndTime "8:39:43 PDT"]
[Termination "GMSrinath won by resignation"]

1. e4 c5 2. Nf3 d6 3. d4 cxd4 4.
Nxd4 Nf6 5. Nc3 Nc6 6. Bg5 e6 7. Qd2 a6 8. O-O-O Be7 9. f3 O-O 10. h4 Nxd4 11. Qxd4 b5 12. g4 Bb7 13. Qd2 Rc8 14. Bf4 b4 15. Ne2 Qa5 16. Kb1 Nxe4 17. Qe3 Nf6 18. Nd4 Nd5 19. Qd2 Nxf4 20. Qxf4 e5 21. Qe3 exd4 22. Qxe7 Bxf3 23. Bd3 Qe5 24. Qa7 Ra8 25. Qc7 Rfc8 26. Qd7 Re8 27. Rhf1 Bxd1 28.
Qxf7+ Kh8 29. Rxd1 Qe6 30. Qh5 g6 31. Qh6 Qxg4 32.
Rf1 Qh5 33. Qf4 Qe5 34. Qd2 a5 35. b3 a4 36. Qxb4 a3 37. Rh1 Qc5 38. Qd2 Qc3 39. Qxc3 dxc3 40. Kc1 Re3 41. Kd1 Rae8 42. Rg1 Rh3 0-1

[Event "Early-Titled-Tuesday-Blitz-April-16-2024"]
[Site "Chess.com"]
[Date "2024.04.16"]
[Round "4"]
[White "Attacker_2006"]
[Black "Kildepiotr"]
[Result "0-1"]
[WhiteElo "2423"]
[BlackElo "2698"]
[TimeControl "180+1"]
[EndTime "8:39:43 PDT"]
[Termination "Kildepiotr won by checkmate"]

1. Nf3 g6 2. g3 Bg7 3. Bg2 d5 4. d4 Nf6 5. O-O O-O 6. c4 c6 7. b3 Bf5 8. Nc3 a5 9. Bb2 Ne4 10. Nd2 Nxd2 11. Qxd2 dxc4 12. e4 Bc8 13. Rad1 cxb3 14.
axb3 Na6 15. d5 Nb4 16. Qe2 c5 17. e5 Bf5 18. g4 Bc2 19. f4 Bxb3 20. Rd2 a4 21.
Ba3 Qa5 22. f5 Bh6 23. Rb2 Qa6 24. Qe4 Qd3 25. Bxb4 Qxe4 26. Nxe4 Be3+ 27. Kh1 cxb4 28.
d6 exd6 29. Nxd6 Bd4 30. Re2 a3 31. e6 fxe6 32. Bxb7 a2 33. Bxa8 Rxa8 34. Kg2 exf5 35. gxf5 a1=Q 36. Rxa1 Rxa1 37. Re8+ Kg7 38. Rd8 Ra2+ 39.
Kh3 Be5 40. Ne8+ Kh6 41. fxg6 Be6+ 42. Kh4 Rxh2# 0-1

[Event "Early-Titled-Tuesday-Blitz-April-16-2024"]
[Site "Chess.com"]
[Date "2024.04.16"]
[Round "4"]
[White "GHANDEEVAM2003"]
[Black "Alen_Yeremyann"]
[Result "0-1"]
[WhiteElo "3013"]
[BlackElo "2835"]
[TimeControl "180+1"]
[EndTime "8:39:45 PDT"]
[Termination "Alen_Yeremyann won by resignation"]

1. Nf3 Nf6 2. b3 b6 3. Bb2 Bb7 4. c4 c5 5. Nc3 g6 6. e4 Bg7 7.
Nd5 O-O 8. Nxf6+ Bxf6 9. Bxf6 exf6 10. d3 f5 11. Nd2 fxe4 12. dxe4 Re8 13. Bd3 Nc6 14.
O-O Nd4 15. Re1 d6 16. Nf1 Qf6 17. f3 h5 18. Ne3 h4 19. Ng4 Qg5 20. Qc1 Qxc1 21.
Raxc1 Kg7 22. Kf2 h3 23. gxh3 f5 24. exf5 gxf5 25. Ne3 Kf6 26. Nd5+ Bxd5 27. cxd5 Rh8 28. Bf1 Rae8 29. f4 Re4 30. Rxe4 fxe4 31. Bg2 Re8 32.
Rc3 Nf5 33. Ke1 b5 34. h4 b4 35. Rc2 Nd4 36. Rc1 Rg8 37. Kf1 Kf5 38. Re1 Re8 39.
h5 e3 40. h6 Kxf4 41. Kg1 e2 42.
Kf2 Rh8 43. h4 Rxh6 44. Rh1 a5 45. h5 Kg5 46. Bf3 Rf6 47. h6 Rxf3+ 48. Ke1 Rf8 49. h7 Rh8 50. Kd2 Kg6 0-1

[Event "Early-Titled-Tuesday-Blitz-April-16-2024"]
[Site "Chess.com"]
[Date "2024.04.16"]
[Round "4"]
[White "superchess02"]
[Black "MITerryble"]
[Result "1-0"]
[WhiteElo "2895"]
[BlackElo "3062"]
[TimeControl "180+1"]
[EndTime "8:39:48 PDT"]
[Termination "superchess02 won by checkmate"]

1. d4 e6 2. c4 Bb4+ 3. Bd2 Bxd2+ 4. Qxd2 Nf6 5. Nc3 d6 6. Nf3 O-O 7. g3 Qe7 8. Bg2 e5 9. O-O Re8 10. e3 Nbd7 11. Rac1 c6 12. Rfd1 e4 13. Ng5 d5 14.
cxd5 cxd5 15. Nb5 Rd8 16. Nc7 Rb8 17. Qa5 Nf8 18. Qc5 Qxc5 19. dxc5 Bg4 20. f3 exf3 21. Nxf3 Ne6 22. Nxe6 fxe6 23. h3 Bxf3 24. Bxf3 a5 25.
a3 Kf7 26. b4 axb4 27. axb4 Ra8 28. Ra1 Ke7 29. Kf2 g5 30. Ke2 h6 31. Kd3 e5 32. Kc3 Ke6 33. b5 Rac8 34. Kb4 Rd7 35. Rac1 Ra8 36. Ra1 Rc8 37. Ra7 Rdc7 38. Rc1 e4 39. Be2 Ke5 40. b6 Rh7 41. c6 bxc6 42.
Rxh7 Nxh7 43. Bg4 Rb8 44. Rxc6 Nf6 45. Re6# 1-0

[Event "Early-Titled-Tuesday-Blitz-April-16-2024"]
[Site "Chess.com"]
[Date "2024.04.16"]
[Round "4"]
[White "kuba2006"]
[Black "Flawless_Fighter"]
[Result "1-0"]
[WhiteElo "2550"]
[BlackElo "2756"]
[TimeControl "180+1"]
[EndTime "8:39:49 PDT"]
[Termination "kuba2006 won by checkmate"]

1. e4 c6 2. d4 d5 3. e5 Bf5 4. Nf3 e6 5. a3 Ne7 6. Be2 Ng6 7.
O-O Nd7 8. Nbd2 Nf4 9. c4 h6 10. b4 a5 11. b5 a4 12. c5 Nxe2+ 13. Qxe2 cxb5 14. Qxb5 Qc7 15. Nb1 Ra5 16. Qb2 Be7 17. Bd2 Ra6 18. Nc3 O-O 19. Nb5 Qc6 20. Rfc1 Rb8 21. Nd6 Bg6 22. Bb4 Kh7 23. Rc3 b6 24.
cxb6 Qxb6 25. Nc8 Qd8 26. Nxe7 Qxe7 27. Qe2 Rxb4 28. Qxa6 Rb3 29. Rc7 Qd8 30. Qd6 Qb8 31. Re1 Nb6 32. Qc6 Nc4 33. Rc8 Qa7 34. Qe8 Be4 35.
Nh4 h5 36. Qh8# 1-0

[Event "Early-Titled-Tuesday-Blitz-April-16-2024"]
[Site "Chess.com"]
[Date "2024.04.16"]
[Round "4"]
[White "MaiqMaster"]
[Black "HamedWafa4"]
[Result "0-1"]
[WhiteElo "2425"]
[BlackElo "2792"]
[TimeControl "180+1"]
[EndTime "8:39:50 PDT"]
[Termination "HamedWafa4 won by resignation"]

1. d4 g6 2. c4 Bg7 3. g3 d6 4. Bg2 Nf6 5. Nc3 O-O 6. Nf3 Bf5 7. Nh4 Bc8 8. Nf3 Nc6 9. O-O a6 10. b3 Rb8 11. d5 Na5 12. Bg5 h6 13. Bd2 c5 14.
dxc6 Nxc6 15. Rc1 Bd7 16. Nd5 Kh7 17. Bc3 Nxd5 18. cxd5 Ne5 19. Nxe5 dxe5 20. Qd2 Qb6 21. e3 Rbc8 22. Rfd1 Bg4 23. f3 Bd7 24. Kh1 h5 25. f4 exf4 26. Bxg7 Kxg7 27. exf4 Bg4 28. Re1 Qf6 29.
h3 Bf5 30. Qe2 Rxc1 31. Rxc1 Qd6 32. Qe5+ Qxe5 33. fxe5 Rc8 34. Rxc8 Bxc8 35. Kg1 f6 36. e6 f5 37. Kf2 Kf6 38. Ke3 Ke5 39. Kd3 g5 40.
Bf3 b6 41. h4 g4 42. Bg2 Bb7 43. d6 Be4+ 44. Bxe4 fxe4+ 45. Ke3 Kxd6 46. Kxe4 Kxe6 47. Kf4 Kf6 48. a3 e5+ 49. Ke4 Ke6 50. Ke3 Kd5 51.
Kd3 e4+ 52. Ke3 Ke5 0-1

[Event "Early-Titled-Tuesday-Blitz-April-16-2024"]
[Site "Chess.com"]
[Date "2024.04.16"]
[Round "4"]
[White "FeketeBarika"]
[Black "LubovMarkelova"]
[Result "0-1"]
[WhiteElo "2338"]
[BlackElo "2207"]
[TimeControl "180+1"]
[EndTime "8:39:50 PDT"]
[Termination "LubovMarkelova won by resignation"]

1. Nf3 d5 2. g3 Nf6 3. Bg2 c6 4. O-O Bf5 5. c4 h6 6. cxd5 cxd5 7. Nd4 Bh7 8. Qa4+ Qd7 9. Qb3 Nc6 10. Nxc6 bxc6 11.
Nc3 e5 12. e4 d4 13. Na4 Bd6 14. d3 O-O 15. Bd2 Rab8 16. Qc2 c5 17. b3 Rfc8 18. Rac1 Qb7 19. Qd1 Qa6 20. f4 Qxd3 21. fxe5 Bxe5 22. Rf3 Qb5 23. Bf1 Qe8 24. Bc4 Bxe4 25.
Rf1 Bd5 26. Bd3 Bd6 27. Qc2 Qd8 28. Nb2 Qc7 29. Nc4 Bxg3 30. Rxf6 Bxh2+ 31. Kf1 gxf6 32. Bxh6 Qg3 33. Qf2 Qxf2+ 34. Kxf2 Re8 35. Nd2 Re5 36. Nf3 Bxf3 37. Kxf3 Rh5 38. Bd2 Rh3+ 39. Ke4 Re8+ 40. Kd5 Rxd3 41. Rd1 Bf4 42. Rg1+ Rg3 0-1

[Event "Early-Titled-Tuesday-Blitz-April-16-2024"]
[Site "Chess.com"]
[Date "2024.04.16"]
[Round "4"]
[White "chito89"]
[Black "colegiodemadrid"]
[Result "1-0"]
[WhiteElo "2721"]
[BlackElo "2538"]
[TimeControl "180+1"]
[EndTime "8:39:51 PDT"]
[Termination "chito89 won by resignation"]

1. d4 d5 2. Nf3 e6 3. c4 c6 4. g3 dxc4 5. Bg2 b5 6. O-O Nd7 7. a4 Bb7 8. b3 cxb3 9. Qxb3 a6 10. Rd1 Ngf6 11. Ne5 Nxe5 12. dxe5 Nd7 13. Nc3 Qc8 14. Be3 Be7 15. Ne4 O-O 16. Nd6 Bxd6 17. exd6 c5 18. axb5 Bxg2 19. Kxg2 Qb7+ 20. f3 axb5 21.
Rab1 b4 22. Qc4 Rfc8 23. Kf2 h6 24. h4 Qa6 25. Qe4 Rab8 26. Qg4 Kf8 27. Qh5 Nf6 28.
Qe5 Nd7 29. Qh5 Nf6 30. Qe5 Nd7 31. Qe4 Kg8 32. g4 c4 33. g5 h5 34. g6 c3 35.
gxf7+ Kxf7 36. Rg1 Rg8 37. Qg6+ Kf8 38. Qxe6 Re8 39.
Qxd7 c2 40. Rxb4 1-0

[Event "Early-Titled-Tuesday-Blitz-April-16-2024"]
[Site "Chess.com"]
[Date "2024.04.16"]
[Round "4"]
[White "SashaKuzhilniy"]
[Black "FlemingA"]
[Result "1-0"]
[WhiteElo "2642"]
[BlackElo "2433"]
[TimeControl "180+1"]
[EndTime "8:39:51 PDT"]
[Termination "SashaKuzhilniy won by resignation"]

1. e4 e6 2. d4 d5 3. exd5 exd5 4. Nf3 c5 5. Bb5+ Nc6 6. O-O Nf6 7. Re1+ Be7 8. dxc5 O-O 9. Bg5 Bxc5 10. Nc3 h6 11. Bh4 g5 12. Bg3 Bg4 13. Be2 d4 14. Na4 Bb4 15. Nd2 Bf5 16. Bd3 Bxd3 17. cxd3 b5 18.
Rc1 Rc8 19. Nc5 Qd5 20. Na6 Bd6 21. Qf3 Bxg3 22. Qxf6 Bf4 23. Rc5 Qxa2 24. Rxc6 Rxc6 25. Qxc6 Bxd2 26. Rd1 Bf4 27. g3 Be5 28. Qxh6 Bg7 29. Qc6 Qxb2 30. Nc5 Qc3 31. Qxb5 Rc8 32. Ne4 Qc6 33.
Qxg5 Re8 34. h4 Re5 35. Qd8+ Re8 36. Qa5 Re5 37. Qxa7 Qc2 38. Qb8+ Kh7 39. Qb1 Qc7 40. Rc1 Qe7 41. Qc2 Kg8 42. Qc8+ Bf8 43. Rc6 Re6 44.
Rxe6 Qxe6 45. Qxe6 fxe6 46. Kg2 Kf7 47. Kf3 Bh6 48. Kg4 1-0

[Event "Early-Titled-Tuesday-Blitz-April-16-2024"]
[Site "Chess.com"]
[Date "2024.04.16"]
[Round "4"]
[White "SmirnovTimofey2000"]
[Black "Gryffindorac8"]
[Result "0-1"]
[WhiteElo "1964"]
[BlackElo "2443"]
[TimeControl "180+1"]
[EndTime "8:39:51 PDT"]
[Termination "Gryffindorac8 won by checkmate"]

1. e4 c5 2. c3 Nf6 3. e5 Nd5 4. Nf3 d6 5. exd6 Qxd6 6. Bc4 e6 7. O-O Nc6 8. Na3 a6 9. Re1 Be7 10. d4 cxd4 11. Nxd4 O-O 12. Bxd5 Qxd5 13. Nxc6 Qxc6 14. Nc2 b5 15. Nd4 Qc7 16. Qf3 Bb7 17. Qf4 Bd6 18.
Qg4 Bxh2+ 19. Kh1 Be5 20. Nxe6 fxe6 21. Qxe6+ Kh8 22. Qxe5 Qxe5 23. Rxe5 Rxf2 24. Be3 Rxg2 25. Bd4 Rxb2+ 26. Kg1 Rg2+ 27. Kf1 Rf8+ 28. Ke1 Bf3 29. a4 h5 30. axb5 axb5 31. Ra7 h4 32. Ree7 Rg8 33.
Rf7 Be2 34. Rf4 Bg4 35. Kf1 h3 36. Rb7 Kh7 37. Rxb5 Be2+ 38. Ke1 Bxb5 39. Rh4+ Kg6 40. Rxh3 Ra8 41. Kd1 Ra1# 0-1

[Event "Early-Titled-Tuesday-Blitz-April-16-2024"]
[Site "Chess.com"]
[Date "2024.04.16"]
[Round "4"]
[White "nihalsarin"]
[Black "baki83"]
[Result "1-0"]
[WhiteElo "3177"]
[BlackElo "2923"]
[TimeControl "180+1"]
[EndTime "8:39:52 PDT"]
[Termination "nihalsarin won by resignation"]

1. d4 d5 2. c4 e6 3. Nf3 Nf6 4. Nc3 Be7 5. Bg5 h6 6. Bxf6 Bxf6 7. e3 c6 8. Qc2 Nd7 9. O-O-O O-O 10. h4 g6 11. e4 dxc4 12. e5 Bg7 13. h5 g5 14.
Bxc4 b5 15. Bd3 c5 16. dxc5 Qc7 17. Kb1 Qxc5 18. Qe2 Bb7 19. Be4 Bxe4+ 20. Nxe4 Qc7 21. Rc1 Qb7 22. Nexg5 Rfc8 23. Ne4 Rxc1+ 24. Rxc1 Nxe5 25. Nxe5 Bxe5 26. Rc5 Bg7 27. Rxb5 Qd7 28. a3 Rd8 29.
g4 f5 30. gxf5 exf5 31. Ng3 f4 32. Nf5 a6 33. Rc5 Bf6 34. Nxh6+ Kh7 35. Ng4 Bd4 36.
Qe4+ Kh8 37. Ne5 Qe6 38. Ng6+ Qxg6 39. Qxg6 Bxc5 40. Qf6+ 1-0